 Dungeon Crawl Stone Soup version 0.24-a0-463-g3510def36b (webtiles) character file.

Game seed: 4361128400618619226

76365 vurker the Thaumaturge (level 15, -25/115 HPs)
             Began as a Gnoll Summoner on July 2, 2019.
             Was the Champion of Cheibriados.
             Annihilated by a large slime creature (32 damage)
             ... on level 14 of the Dungeon.
             The game lasted 01:13:59 (28798 turns).

vurker the Thaumaturge (Gnoll Summoner)            Turns: 28798, Time: 01:14:00

Health: -25/115    AC: 22    Str: 38    XL:     15   Next: 53%
Magic:  23/30      EV: 22    Int: 38    God:    Cheibriados [******]
Gold:   148        SH:  9    Dex: 34    Spells: 21/36 levels left

rFire    + . .     SeeInvis .   r - +4 trident of Ru's Hope {elec, Str+5}
rCold    . . .     Gourm    .   g - +0 buckler
rNeg     + . .     Faith    .   b - +4 storm dragon scales of Coronation {rElec MR+ Regen+ Str+2 Dex+3}
rPois    +         Spirit   .   I - +2 hat of Geox {rN+ Regen+ Dex+5}
rElec    +         Reflect  .   G - +1 cloak of Inference {MR++ Str+5 Dex-5}
rCorr    .         Harm     .   (no gloves)
MR       ++++.                  (no boots)
Stlth    +++.......             (no amulet)
HPRegen  1.09/turn              F - ring of poison resistance
MPRegen  0.22/turn              i - ring of protection from fire

@: studying Conjurations, very slow
A: distributed training, fangs 1, strong nose
a: Bend Time, Temporal Distortion, Slouch, Step From Time, Renounce Religion


You were on level 14 of the Dungeon.
You worshipped Cheibriados.
Cheibriados was exalted by your worship.
You were not hungry.

You visited 4 branches of the dungeon, and saw 23 of its levels.
You also visited: Sewer.

You collected 2375 gold pieces.
You spent 2227 gold pieces at shops.

Inventory:

Hand Weapons
 r - the +4 trident of Ru's Hope (weapon) {elec, Str+5}
   (You found it on level 10 of the Dungeon)

   Occasionally, upon striking a foe, it will discharge some electrical energy
   and cause terrible harm.
   It affects your strength (+5).
Missiles
 N - 2 throwing nets (quivered) {!f}
Armour
 b - the +4 storm dragon scales of Coronation (worn) {rElec MR+ Regen+ Str+2 Dex+3}
   (You bought it in a shop on level 10 of the Dungeon)

   It affects your strength (+2).
   It affects your dexterity (+3).
   It insulates you from electricity.
   It affects your resistance to hostile enchantments.
   It increases your rate of regeneration.
 g - a +0 buckler (worn)
   (You took it off a spriggan on level 5 of the Lair of Beasts)
 G - the +1 cloak of Inference (worn) {MR++ Str+5 Dex-5}
   (You found it on level 1 of the Lair of Beasts)

   It affects your strength (+5).
   It affects your dexterity (-5).
   It affects your resistance to hostile enchantments.
 I - the +2 hat of Geox (worn) {rN+ Regen+ Dex+5}
   (You bought it in a shop on level 7 of the Dungeon)

   It affects your dexterity (+5).
   It protects you from negative energy.
   It increases your rate of regeneration.
Magical Staves
 w - an uncursed staff of conjuration {!a}
   (You found it on level 11 of the Dungeon)
 x - an uncursed staff of earth
   (You took it off Jorgrun on level 12 of the Dungeon)
Jewellery
 i - a ring of protection from fire (right hand)
   (You found it on level 4 of the Lair of Beasts)
 F - a ring of poison resistance (left hand)
   (You took it off an orc on level 6 of the Dungeon)
Wands
 d - a wand of iceblast (3)
   (You found it on level 3 of the Dungeon)
 t - a wand of flame (26)
   (You found it on level 5 of the Dungeon)
 u - a wand of paralysis (5)
   (You found it on level 1 of the Lair of Beasts)
 v - a wand of digging (10)
   (You found it on level 3 of the Lair of Beasts)
 D - a wand of polymorph (54)
   (You found it on level 6 of the Dungeon)
 M - a wand of enslavement (4)
   (You found it on level 14 of the Dungeon)
Scrolls
 a - a scroll of enchant armour
 h - 4 scrolls of fear
 l - a scroll of brand weapon
 n - 2 scrolls of blinking
 o - a scroll of identify {@r1}
 p - 5 scrolls of teleportation {@r4}
 s - 2 scrolls of magic mapping
 y - 8 scrolls of remove curse {@r2}
 C - a scroll of summoning
 H - a scroll of fog
 K - 3 scrolls of enchant weapon
Potions
 c - 4 potions of lignification {!q}
 f - 2 potions of magic
 j - a potion of ambrosia
 k - 7 potions of curing {@q1}
 m - 6 potions of brilliance
 q - 3 potions of might
 z - 3 potions of mutation {!q}
 A - 3 potions of resistance
 B - a potion of cancellation
 J - a potion of invisibility
Books
 E - a manual of Conjurations {!d}
   (You found it on level 5 of the Lair of Beasts)
Comestibles
 e - 43 rations {!d}
 L - 4 chunks of flesh


   Skills:
 + Level 10.0 Fighting
 + Level 10.0 Short Blades
 + Level 10.0 Long Blades
 + Level 10.0 Axes
 + Level 10.0 Maces & Flails
 + Level 10.0 Polearms
 + Level 10.0 Staves
 + Level 10.0 Slings
 + Level 10.0 Bows
 + Level 10.0 Crossbows
 + Level 10.0 Throwing
 + Level 10.0 Armour
 + Level 10.9 Dodging
 + Level 10.7 Stealth
 + Level 10.0 Shields
 + Level 10.0 Unarmed Combat
 + Level 11.0 Spellcasting
 + Level 9.7 Conjurations
 + Level 8.4 Hexes
 + Level 8.4 Charms
 + Level 10.9 Summonings
 + Level 8.4 Necromancy
 + Level 8.4 Translocations
 + Level 8.4 Transmutations
 + Level 8.4 Fire Magic
 + Level 8.4 Ice Magic
 + Level 8.4 Air Magic
 + Level 8.4 Earth Magic
 + Level 8.4 Poison Magic
 + Level 10.8 Invocations
 + Level 10.0 Evocations


You had 21 spell levels left.
You knew the following spells:

 Your Spells              Type           Power        Failure   Level  Hunger
a - Call Imp              Summ           #######.     1%          2    None
b - Summon Ice Beast      Ice/Summ       #######.     1%          4    None
d - Call Canine Familiar  Summ           #######.     1%          3    None
q - Blink                 Tloc           N/A          1%          2    None
x - Summon Lightning Spi  Summ/Air       #######.     1%          4    None

Your spell library contained the following spells:

 Spells                   Type           Power        Failure   Level  Hunger
 Magic Dart               Conj           ####         1%          1    None
 Summon Small Mammal      Summ           ####         1%          1    None
 Searing Ray              Conj           ######       1%          2    None
 Slow                     Hex            ######..     1%          2    None
 Conjure Flame            Conj/Fire      ######..     1%          3    None
 Dazzling Spray           Conj/Hex       ######       1%          3    None
 Mephitic Cloud           Conj/Pois/Air  ######..     1%          3    None
 Summon Guardian Golem    Hex/Summ       #######.     1%          3    None
 Force Lance              Conj/Tloc      ######..     1%          4    None
 Fulminant Prism          Conj/Hex       ######....   1%          4    None
 Iskenderun's Mystic Bla  Conj           #######.     1%          4    None
 Irradiate                Conj/Tmut      ######....   3%          5    None
 Bolt of Fire             Conj/Fire      ######....   21%         6    ####...


Dungeon Overview and Level Annotations

Branches:
Dungeon (14/15)            Temple (1/1) D:6            Lair (6/6) D:9
  Swamp (0/4) Lair:3       Spider (0/4) Lair:4        Slime (0/5) Lair:5
    Orc (2/2) D:9             Elf (0/3) Orc:2        Vaults (0/5) D:13

Altars:
Cheibriados
Dithmenos
Fedhas
Gozag
Makhleb
Nemelex Xobeh
Ru
Sif Muna
Trog
Vehumet
Wu Jian
Beogh

Shops:
D:5 ?   D:6 =   D:7 [   D:9 (   D:10 ([*   D:12 }   Orc:2 *[(*((}?*

Annotations:
D:4 2 transporters
D:7 2 transporters, exclusion: oklob plant, Yorgos's ghost, novice DsFi
Lair:1 exclusion: 2 oklob plants
Lair:2 2 transporters, hitsuchi's ghost, journeyman CeGl


Innate Abilities, Weirdness & Mutations

Your experience applies equally to all skills.
You have very sharp teeth.
Your uncanny sense of smell can sniff out nearby items.


Message History

You open the door.
There is an open door here.
Found a glowing bronze wand.
M - a wand of enslavement (4)
You open the door. 3 slime creatures and a hungry ghost come into view.
There is an open door here.
Attack whom?
Aim: a hungry ghost You reach to attack!
You impale the hungry ghost!!
A slime creature comes into view.
Attack whom?
Aim: a hungry ghost (heavily damaged)
You reach to attack!
The slime creature quivers.
You puncture the hungry ghost! You impale the hungry ghost!!
You destroy the hungry ghost!
Cheibriados thoroughly appreciates the change of pace.
A slime creature comes into view.
You puncture the slime creature!
Two slime creatures merge to form a large slime creature.
You puncture the slime creature!
Lightning courses through the slime creature!
Two slime creatures merge to form a very large slime creature.
The slime creature barely misses you.
You puncture the slime creature! The slime creature misses you.
Two slime creatures merge to form an enormous slime creature.
You hit the slime creature. The slime creature hits you!
The slime creature hits you but does no damage.
Two slime creatures merge to form a titanic slime creature.
There is an open door here.
An electric hum fills the air.
A titanic slime creature splits.
A chill wind blows around you.
The very large slime creature hits you!!!
The large slime creature misses you.
You hit the large slime creature.
Lightning courses through the large slime creature!
The very large slime creature closely misses you.
You barely miss the large slime creature.
Your ice beast hits the very large slime creature.
Your ice beast freezes the very large slime creature!
You block the large slime creature's attack.
You puncture the large slime creature! You bite the large slime creature!
The very large slime creature hits you!!!
* * * LOW HITPOINT WARNING * * *
Your ice beast hits the very large slime creature.
Your ice beast freezes the very large slime creature!
The large slime creature hits you!!
You die...

# ∆ # # ∆ # ##+## #
##...## #### ##.....##
##.## ##.......## ##
#...####........J####...##
.......'........@JY......#
#...####........8####...##
.#.## ##.......## ## ...#
##.....## .#.# ##...##
##.# ##+## #.#


You could see a very large slime creature, a large slime creature, a friendly
ice beast and a friendly lightning spire.

Vanquished Creatures
  Saint Roka (Orc:1)
  Jorgrun (D:12)
  Rupert (D:14)
  Kirke (Lair:6)
  A stone giant (Orc:1)
  A dire elephant (Lair:5)
  4 hydras
  5 vault guards (D:13)
  3 two-headed ogres
  3 orc high priests (Orc:2)
  A slime creature (D:13)
  An unseen horror (D:10)
  A lindwurm (Lair:4)
  2 orc sorcerers (Orc:2)
  8 orc knights
  2 cyclopes
  A wolf spider (Lair:4)
  10 elephants (Lair:5)
  A molten gargoyle (Lair:6)
  4 black mambas
  6 spiny frogs
  5 kobold demonologists
  9 komodo dragons
  A rime drake (Lair:3)
  An efreet (D:13)
  A polar bear (Lair:2)
  8 trolls
  A queen bee (D:11)
  7 blink frogs
  5 hippogriffs
  A spriggan (Lair:5)
  A wraith (D:13)
  6 wyverns
  28 yaks
  A steam dragon (Lair:6)
  3 hungry ghosts
  A basilisk (Lair:6)
  3 vampire mosquitoes (D:14)
  A warg (Orc:1)
  A soldier ant (D:13)
  10 water moccasins
  4 porcupines
  3 hell hounds (Lair:6)
  A black bear (D:10)
  31 orc warriors
  2 sky beasts
  2 necrophages
  2 ice beasts (D:11)
  3 phantoms
  7 centaurs
  7 ogres
  22 wolves
  3 big kobolds
  12 crocodiles
  19 bullfrogs
  A wyvern zombie (D:13)
  7 scorpions
  9 killer bees
  5 wights (D:13)
  A howler monkey (D:7)
  4 electric eels
  4 crimson imps
  2 bullfrog zombies
  2 lava snakes (Lair:6)
  7 jellies
  A quasit (D:9)
  2 centaur skeletons (D:4)
  2 bullfrog skeletons (D:13)
  3 hounds
  33 orc priests
  11 orc wizards
  5 worker ants
  A killer bee zombie (D:6)
  A worker ant zombie (D:8)
  2 gnolls (D:3)
  12 adders
  2 shadow imps
  5 oozes
  An adder skeleton (D:4)
  4 worms
  A dart slug (D:2)
  9 leopard geckos
  56 orcs
  6 giant cockroaches
  10 goblins
  6 hobgoblins
  7 jackals
  24 kobolds
  2 quokkas
  5 ball pythons
  8 bats
  6 frilled lizards
  A quokka skeleton (D:4)
  11 rats
  A butterfly (Lair:4)
550 creatures vanquished.

Vanquished Creatures (collateral kills)
  A fire dragon (Lair:6)
  Fannar (Lair:3)
  5 hydras
  3 vault guards (D:13)
  2 centaur warriors (D:13)
  2 two-headed ogres
  Urug (Orc:1)
  2 orc high priests (Orc:2)
  Nergalle (Lair:1)
  Sonja (Lair:3)
  An orc knight (Orc:2)
  A lindwurm (Lair:6)
  8 elephants (Lair:5)
  A slime creature (D:13)
  Joseph (D:9)
  3 spiny frogs
  A molten gargoyle (Lair:6)
  2 rime drakes (Lair:5)
  2 komodo dragons
  2 trolls
  Prince Ribbit (D:5)
  6 blink frogs
  4 hippogriffs
  A redback (Lair:4)
  4 wyverns
  21 yaks
  A basilisk (D:9)
  A hungry ghost (D:9)
  2 water moccasins
  A porcupine (Lair:1)
  12 orc warriors
  3 sky beasts
  A black bear (D:8)
  9 ogres
  22 wolves
  3 centaurs
  3 crocodiles
  A big kobold (D:7)
  4 bullfrogs
  30 killer bees
  3 wights (D:8)
  A howler monkey (D:7)
  3 lava snakes (Lair:6)
  4 crimson imps
  3 hounds
  5 jellies (Lair:5)
  15 orc priests
  11 orc wizards
  A gnoll shaman (D:7)
  An iguana (D:4)
  2 worker ants
  14 gnolls
  A howler monkey skeleton (D:7)
  4 adders
  2 oozes (Sewer)
  An adder skeleton (D:6)
  5 worms
  67 orcs
  A giant cockroach (D:3)
  A goblin (D:2)
  7 jackals
  6 kobolds
  2 fungi
331 creatures vanquished.

Vanquished Creatures (others)
  7 humans (Lair:6)
  A wolf (Lair:6)
  An orc (Orc:2)
  10 fungi
  7 plants
26 creatures vanquished.

Grand Total: 907 creatures vanquished

Notes
Turn   | Place    | Note
-------+----------+-------------------------------------------
     0 | D:1      | vurker the Gnoll Summoner began the quest for the Orb.
     0 | D:1      | Reached XP level 1. HP: 13/13 MP: 6/6
   360 | D:1      | Reached XP level 2. HP: 19/19 MP: 7/7
   985 | D:1      | Reached XP level 3. HP: 25/25 MP: 9/9
   987 | D:1      | Reached skill level 5 in Spellcasting
  1274 | D:2      | Reached skill level 1 in Invocations
  1370 | D:2      | Learned a level 2 spell: Call Imp
  1374 | D:2      | Learned a level 3 spell: Call Canine Familiar
  1607 | D:2      | Reached skill level 1 in Fighting
  1607 | D:2      | Reached skill level 1 in Short Blades
  1607 | D:2      | Reached skill level 1 in Long Blades
  1607 | D:2      | Reached skill level 1 in Axes
  1607 | D:2      | Reached skill level 1 in Maces & Flails
  1607 | D:2      | Reached skill level 1 in Polearms
  1607 | D:2      | Reached skill level 1 in Staves
  1607 | D:2      | Reached skill level 1 in Slings
  1607 | D:2      | Reached skill level 1 in Bows
  1607 | D:2      | Reached skill level 1 in Crossbows
  1607 | D:2      | Reached skill level 1 in Throwing
  1607 | D:2      | Reached skill level 1 in Armour
  1607 | D:2      | Reached skill level 1 in Shields
  1607 | D:2      | Reached skill level 1 in Unarmed Combat
  1607 | D:2      | Reached skill level 1 in Evocations
  1765 | D:2      | Reached XP level 4. HP: 30/32 MP: 6/11
  2101 | D:2      | Reached skill level 1 in Conjurations
  2101 | D:2      | Reached skill level 1 in Hexes
  2101 | D:2      | Reached skill level 1 in Charms
  2101 | D:2      | Reached skill level 1 in Necromancy
  2101 | D:2      | Reached skill level 1 in Translocations
  2101 | D:2      | Reached skill level 1 in Transmutations
  2101 | D:2      | Reached skill level 1 in Fire Magic
  2101 | D:2      | Reached skill level 1 in Ice Magic
  2101 | D:2      | Reached skill level 1 in Air Magic
  2101 | D:2      | Reached skill level 1 in Earth Magic
  2101 | D:2      | Reached skill level 1 in Poison Magic
  2374 | D:2      | Noticed a bullfrog
  2392 | D:2      | Killed a bullfrog
  2392 | D:2      | Reached XP level 5. HP: 15/37 MP: 7/12
  2627 | D:2      | Found a burning altar of Makhleb.
  2628 | D:2      | Found a radiant altar of Vehumet.
  2885 | D:3      | Noticed a crocodile
  2896 | D:3      | Killed a crocodile
  3043 | D:3      | Reached XP level 6. HP: 44/44 MP: 11/13
  3644 | D:3      | Found a shadowy altar of Dithmenos.
  3775 | D:3      | Reached skill level 5 in Dodging
  4237 | D:3      | Noticed a moth of wrath
  4240 | D:3      | Found a bloodstained altar of Trog.
  4736 | D:4      | Learned a level 4 spell: Summon Ice Beast
  4741 | D:4      | Learned a level 4 spell: Summon Lightning Spire
  4859 | D:4      | Found an ornate altar of the Wu Jian Council.
  5019 | D:4      | Reached XP level 7. HP: 50/50 MP: 15/15
  5219 | D:4      | Found a glowing drain.
  5231 | Sewer    | Entered a sewer
  6043 | D:4      | Found a transporter.
  6515 | D:4      | Reached skill level 5 in Stealth
  6553 | D:4      | Found a blossoming altar of Fedhas.
  6665 | D:4      | Learned a level 2 spell: Blink
  6713 | D:4      | Found a transporter.
  6748 | D:4      | Noticed a fire bat
  6748 | D:4      | Noticed a fire bat
  7074 | D:5      | Entered Level 5 of the Dungeon
  7141 | D:5      | Reached XP level 8. HP: 57/57 MP: 16/16
  7197 | D:5      | Found Cixokh's Magic Scroll Emporium.
  7443 | D:5      | Noticed Prince Ribbit
  7669 | D:5      | Killed Prince Ribbit
  7669 | D:5      | Reached skill level 6 in Spellcasting
  8277 | D:6      | Found Sihife's Jewellery Emporium.
  8698 | D:6      | Found a staircase to the Ecumenical Temple.
  8713 | Temple   | Entered the Ecumenical Temple
  8744 | Temple   | Became a worshipper of Cheibriados the Contemplative
  9139 | D:6      | Reached XP level 9. HP: 65/65 MP: 13/18
  9374 | D:7      | Found a transporter.
  9395 | D:7      | Noticed Yorgos's ghost (novice DsFi)
  9396 | D:7      | Found a transporter.
  9401 | D:7      | Identified the +8 dire flail of Moral Flaws {freeze, Int+2
                  | Stlth+}
  9839 | D:7      | Reached * piety under Cheibriados
 10182 | D:7      | Found a sparkling altar of Nemelex Xobeh.
 10184 | D:7      | Noticed an oklob plant
 10800 | D:7      | Found Awuvijeg's Armour Emporium.
 10808 | D:7      | Bought the +2 hat of Geox {rN+ Regen+ Dex+5} for 357 gold
                  | pieces
 10934 | D:8      | Reached ** piety under Cheibriados
 11424 | D:8      | Reached skill level 5 in Invocations
 11573 | D:8      | Reached *** piety under Cheibriados
 11777 | D:8      | Reached XP level 10. HP: 69/73 MP: 20/20
 11817 | D:8      | Reached skill level 7 in Spellcasting
 12346 | D:9      | Noticed a two-headed ogre
 12357 | D:9      | Killed a two-headed ogre
 12433 | D:9      | Reached skill level 5 in Fighting
 12433 | D:9      | Reached skill level 5 in Short Blades
 12433 | D:9      | Reached skill level 5 in Long Blades
 12433 | D:9      | Reached skill level 5 in Axes
 12433 | D:9      | Reached skill level 5 in Maces & Flails
 12433 | D:9      | Reached skill level 5 in Polearms
 12433 | D:9      | Reached skill level 5 in Staves
 12433 | D:9      | Reached skill level 5 in Slings
 12433 | D:9      | Reached skill level 5 in Bows
 12433 | D:9      | Reached skill level 5 in Crossbows
 12433 | D:9      | Reached skill level 5 in Throwing
 12433 | D:9      | Reached skill level 5 in Armour
 12433 | D:9      | Reached skill level 5 in Shields
 12433 | D:9      | Reached skill level 5 in Unarmed Combat
 12433 | D:9      | Reached skill level 5 in Evocations
 12679 | D:9      | Reached **** piety under Cheibriados
 12814 | D:9      | Found a staircase to the Lair.
 12980 | D:9      | Noticed Joseph
 12985 | D:9      | Killed Joseph
 13249 | D:9      | Found a staircase to the Orcish Mines.
 13277 | D:9      | Found Ulaadwo's Antique Weapon Shop.
 13665 | D:10     | Entered Level 10 of the Dungeon
 13795 | D:10     | Found Cydi's General Store.
 13806 | D:10     | Got a steaming trident
 13807 | D:10     | Identified the +4 trident of Ru's Hope {elec, Str+5} (You
                  | found it on level 10 of the Dungeon)
 13905 | D:10     | Reached ***** piety under Cheibriados
 14317 | D:10     | Noticed a two-headed ogre
 14331 | D:10     | Killed a two-headed ogre
 14331 | D:10     | Reached XP level 11. HP: 25/80 MP: 7/22
 14446 | D:10     | Found Eheod's Antique Weapon Boutique.
 14616 | D:10     | Killed an unseen horror
 14672 | D:10     | Found Sunaom's Antique Armour Emporium.
 15006 | D:11     | Reached skill level 5 in Conjurations
 15006 | D:11     | Reached skill level 5 in Hexes
 15006 | D:11     | Reached skill level 5 in Charms
 15006 | D:11     | Reached skill level 5 in Necromancy
 15006 | D:11     | Reached skill level 5 in Translocations
 15006 | D:11     | Reached skill level 5 in Transmutations
 15006 | D:11     | Reached skill level 5 in Fire Magic
 15006 | D:11     | Reached skill level 5 in Ice Magic
 15006 | D:11     | Reached skill level 5 in Air Magic
 15006 | D:11     | Reached skill level 5 in Earth Magic
 15006 | D:11     | Reached skill level 5 in Poison Magic
 15164 | D:11     | Reached skill level 8 in Spellcasting
 15185 | D:11     | Noticed a two-headed ogre
 15189 | D:11     | Killed a two-headed ogre
 15304 | D:11     | Noticed an eight-headed hydra
 15311 | D:11     | Killed an eight-headed hydra
 15431 | D:11     | Noticed a cyclops
 15438 | D:11     | Killed a cyclops
 15708 | Lair:1   | Entered Level 1 of the Lair of Beasts
 15956 | Lair:1   | Noticed an oklob plant
 15956 | Lair:1   | Noticed an oklob plant
 16019 | Lair:1   | Got a slimy cloak
 16025 | Lair:1   | Identified the +1 cloak of Inference {MR++ Str+5 Dex-5}
                  | (You found it on level 1 of the Lair of Beasts)
 16211 | Lair:1   | Noticed Nergalle
 16219 | Lair:1   | Killed Nergalle
 16596 | Lair:2   | Reached XP level 12. HP: 88/88 MP: 19/24
 16615 | Lair:2   | Reached ****** piety under Cheibriados
 16854 | Lair:2   | Found a transporter.
 16854 | Lair:2   | Noticed a seven-headed hydra
 16854 | Lair:2   | Noticed hitsuchi's ghost (journeyman CeGl)
 16862 | Lair:2   | Found a transporter.
 17812 | Lair:3   | Noticed Sonja
 17822 | Lair:3   | Killed Sonja
 17981 | Lair:3   | Noticed a five-headed hydra
 17995 | Lair:3   | Killed a five-headed hydra
 18082 | Lair:3   | Found a staircase to the Swamp.
 18088 | Lair:3   | Noticed Fannar
 18339 | Lair:3   | Found a staircase to the Swamp.
 18471 | Lair:3   | Killed Fannar
 18471 | Lair:3   | Reached skill level 9 in Spellcasting
 18913 | Lair:4   | Noticed an eight-headed hydra
 18920 | Lair:4   | HP: 2/90 [eight-headed hydra (8)]
 19056 | Lair:4   | Found a hole to the Spider Nest.
 19186 | Lair:4   | Found a dark tunnel.
 19503 | Lair:4   | Killed an eight-headed hydra
 20009 | Lair:5   | Reached XP level 13. HP: 96/97 MP: 26/26
 20608 | Lair:5   | Found a staircase to the Slime Pits.
 20806 | Lair:5   | Noticed a dire elephant
 21008 | Lair:5   | Killed a dire elephant
 21336 | Lair:6   | Entered Level 6 of the Lair of Beasts
 21404 | Lair:6   | Noticed Kirke
 21417 | Lair:6   | Killed Kirke
 21417 | Lair:6   | Reached skill level 10 in Summonings
 22291 | Lair:6   | Reached skill level 10 in Spellcasting
 22458 | Lair:6   | Reached XP level 14. HP: 104/105 MP: 25/28
 22516 | Lair:6   | Found a large runed translucent door.
 22517 | Lair:6   | Found a large runed translucent door.
 23216 | Lair:6   | Reached skill level 10 in Dodging
 23264 | Lair:6   | Identified the Papyrus of Conjuration
 23454 | Orc:1    | Entered Level 1 of the Orcish Mines
 23454 | Orc:1    | Noticed Urug
 23469 | Orc:1    | Killed Urug
 23686 | Orc:1    | Noticed a stone giant
 23973 | Orc:1    | Killed a stone giant
 24027 | Orc:1    | Found a roughly hewn altar of Beogh.
 24189 | Orc:2    | Entered Level 2 of the Orcish Mines
 24290 | Orc:2    | Found Gycela's Weapon Shop.
 24337 | Orc:2    | Noticed Saint Roka
 24524 | Orc:2    | Found Miock's Gadget Shoppe.
 24601 | Orc:2    | Found a staircase to the Elven Halls.
 24701 | Orc:1    | Killed Saint Roka
 24701 | Orc:1    | Reached skill level 10 in Stealth
 24823 | Orc:2    | Found Puydetaf's Antique Weapon Shop.
 24860 | Orc:2    | Reached skill level 10 in Invocations
 24962 | Orc:2    | Found Faceus's Magic Scroll Shop.
 24971 | Orc:2    | Found Zyagh's Assorted Antiques.
 25937 | Orc:2    | Found Paphuo's Assorted Antiques.
 25940 | Orc:2    | Found Qayteoji's Antique Armour Shoppe.
 25941 | Orc:2    | Found Koumih's Weapon Emporium.
 25942 | Orc:2    | Found Jeutso's Assorted Antiques.
 26108 | D:10     | Bought pitted storm dragon scales for 1870 gold pieces
 26118 | D:10     | Identified the +4 storm dragon scales of Coronation {rElec
                  | MR+ Regen+ Str+2 Dex+3} (You bought it in a shop on level
                  | 10 of the Dungeon)
 26912 | D:12     | Reached XP level 15. HP: 113/114 MP: 29/29
 26933 | D:12     | Found Riehujom's Gadget Shoppe.
 26976 | D:12     | Noticed Jorgrun
 26987 | D:12     | Killed Jorgrun
 27052 | D:12     | Found a sacrificial altar of Ru.
 27746 | D:13     | Found a roughly hewn altar of Beogh.
 27831 | D:13     | Found a gate to the Vaults.
 27874 | D:13     | Reached skill level 11 in Spellcasting
 28552 | D:14     | Noticed Rupert
 28561 | D:14     | Killed Rupert
 28709 | D:14     | Identified a scroll of acquirement
 28748 | D:14     | Reached skill level 10 in Fighting
 28748 | D:14     | Reached skill level 10 in Short Blades
 28748 | D:14     | Reached skill level 10 in Long Blades
 28748 | D:14     | Reached skill level 10 in Axes
 28748 | D:14     | Reached skill level 10 in Maces & Flails
 28748 | D:14     | Reached skill level 10 in Polearms
 28748 | D:14     | Reached skill level 10 in Staves
 28748 | D:14     | Reached skill level 10 in Slings
 28748 | D:14     | Reached skill level 10 in Bows
 28748 | D:14     | Reached skill level 10 in Crossbows
 28748 | D:14     | Reached skill level 10 in Throwing
 28748 | D:14     | Reached skill level 10 in Armour
 28748 | D:14     | Reached skill level 10 in Shields
 28748 | D:14     | Reached skill level 10 in Unarmed Combat
 28748 | D:14     | Reached skill level 10 in Evocations
 28798 | D:14     | Annihilated by a large slime creature

Levels and vault maps discovered:
D:1:      dpeg_arrival_three_same_balls, layout_basic, minmay_misc_feat_alley,
          minmay_pentomino_p4
D:2:      layout_basic, gammafunk_temple_overflow_pools
D:3:      layout_basic, tgw_trog, old_standard_altar
D:4:      gammafunk_cloud_chamber, layout_loops_corners, lemuel_doored_altar,
          cheibrodos_sewer_entry_bend, fedhas_altar_2
D:5:      layout_rooms, first_ration, serial_shops, shop, uniq_prince_ribbit1
D:6:      layout_loops_ring, minmay_temple_entry_mini_moons, serial_shops, shop
D:7:      layout_rooms, serial_shops, nicolae_shop_behind_doors,
          gammafunk_ghost_smash, lemuel_oklob_altar
D:8:      statuecave_lemuel, layout_loops_corners, grunt_ogre_cave
D:9:      layout_roguey, nicolae_overflow_hidden_temple, david_lair_generic,
          orc_0_dummy, serial_shops, shop, grunt_ministairs_11, uniq_joseph
D:10:     layout_long_grid, serial_shops, shop,
          nicolae_shop_temple_entry_statues_fountains, kennysheep_little_box,
          minmay_orc_keep
D:11:     layout_roguey [special_room_bee]
D:12:     layout_layer_cave, serial_shops, nicolae_shop_waterfront,
          nicolae_ru_sacrificial_ziggurat, uniq_jorgrun
D:13:     layout_roguey, erik_vaults_2, special_room [special_room_orc],
          hangedman_abyss_or_decor_lesser_grid, grunt_ministairs_8
D:14:     layout_loops_corners, infiniplex_staircase_pillars_2, uniq_rupert
Temple:   regret_index_temple_sphere_string
Lair:1:   layout_small_grid, fungi_pond_lemuel, chequers_serial_rivers_micro_c,
          grunt_megastairs_4, minmay_lair_oklob_chamber, serial_bayou_shore_b,
          uniq_nergalle
Lair:2:   layout_cave_pods, gammafunk_ghost_arena,
          chequers_serial_rivers_micro_a, lemuel_fruit_tree,
          infiniplex_staircase_pool_2
Lair:3:   layout_hall_layers, swamp_mist_pool, grunt_megastairs_1, uniq_fannar,
          uniq_sonja
Lair:4:   layout_regular_city, spider_nest_entry_funnel_web, enter_volcano_2,
          lemuel_fruit_fields
Lair:5:   mu_elephants_graveyard, layout_cave_pods,
          minmay_slime_entry_jelly_boxes, chequers_serial_rivers_room_a,
          minmay_stone_trees_medium, beast_lair_carwin_6, serial_bayou_shore_a
Lair:6:   cheibrodos_lair_end_hotspot, layout_layer_cave,
          grunt_forest_large_clearings, uniq_kirke
Orc:1:    nicolae_orc_accident_2, layout_diamond_mine, uniq_urug
Orc:2:    st_orc_pillars, layout_caves, serial_shops, shop,
          nicolae_shop_statue_plus, shop, shop, nicolae_shop_behind_doors,
          uniq_saint_roka

Skill      XL: |  1  2  3  4  5  6  7  8  9 10 11 12 13 14 15 |
---------------+----------------------------------------------+-----
Spellcasting   | 5 6 7 8 9 10 11 | 11.0
Invocations    | 1 2 3 4 5 6 7 8 9 10 | 10.8
Fighting       | 1 2 3 4 5 6 7 8 9 10 | 10.0
Short Blades   | 1 2 3 4 5 6 7 8 9 10 | 10.0
Long Blades    | 1 2 3 4 5 6 7 8 9 10 | 10.0
Axes           | 1 2 3 4 5 6 7 8 9 10 | 10.0
Maces & Flails | 1 2 3 4 5 6 7 8 9 10 | 10.0
Polearms       | 1 2 3 4 5 6 7 8 9 10 | 10.0
Staves         | 1 2 3 4 5 6 7 8 9 10 | 10.0
Slings         | 1 2 3 4 5 6 7 8 9 10 | 10.0
Bows           | 1 2 3 4 5 6 7 8 9 10 | 10.0
Crossbows      | 1 2 3 4 5 6 7 8 9 10 | 10.0
Throwing       | 1 2 3 4 5 6 7 8 9 10 | 10.0
Armour         | 1 2 3 4 5 6 7 8 9 10 | 10.0
Shields        | 1 2 3 4 5 6 7 8 9 10 | 10.0
Unarmed Combat | 1 2 3 4 5 6 7 8 9 10 | 10.0
Evocations     | 1 2 3 4 5 6 7 8 9 10 | 10.0
Conjurations   | 1 2 3 4 5 6 7 9 |  9.7
Hexes          | 1 2 3 4 5 6 7 8 |  8.4
Charms         | 1 2 3 4 5 6 7 8 |  8.4
Necromancy     | 1 2 3 4 5 6 7 8 |  8.4
Translocations | 1 2 3 4 5 6 7 8 |  8.4
Transmutations | 1 2 3 4 5 6 7 8 |  8.4
Fire Magic     | 1 2 3 4 5 6 7 8 |  8.4
Ice Magic      | 1 2 3 4 5 6 7 8 |  8.4
Air Magic      | 1 2 3 4 5 6 7 8 |  8.4
Earth Magic    | 1 2 3 4 5 6 7 8 |  8.4
Poison Magic   | 1 2 3 4 5 6 7 8 |  8.4
Dodging        | 5 6 7 8 9 10 | 10.9
Stealth        | 5 6 7 8 9 10 | 10.7
Summonings     | 8 9 10 | 10.9

Action                   |  1- 3 |  4- 6 |  7- 9 | 10-12 | 13-15 || total
-------------------------+-------+-------+-------+-------+-------++-------
Melee: Whip              |    11 |       |       |       |       ||    11
       Dagger            |    83 |   145 |   348 |    54 |       ||   630
       Bite              |     6 |    11 |    46 |    60 |   159 ||   282
       Punch             |       |       |     7 |    15 |    23 ||    45
       Trident           |       |       |       |   291 |   806 ||  1097
Throw: Dart              |    83 |    39 |       |       |       ||   122
 Cast: Call Imp          |     3 |    25 |    30 |     3 |     1 ||    62
       Call Canine Famil |       |     1 |     7 |     4 |     2 ||    14
       Summon Ice Beast  |       |     2 |    16 |    32 |    55 ||   105
       Summon Lightning  |       |       |    36 |    45 |    67 ||   148
Invok: Slouch            |       |       |       |     2 |    13 ||    15
 Abil: Evoke Flight      |       |       |       |     1 |       ||     1
Evoke: Wand              |       |       |       |     9 |    17 ||    26
  Use: Scroll            |       |    14 |    10 |     9 |     8 ||    41
       Potion            |       |       |     1 |     1 |     5 ||     7
 Stab: Sleeping          |     5 |     5 |     7 |    23 |    22 ||    62
       Distracted        |       |       |     3 |    19 |    28 ||    50
       Paralysed         |       |       |       |       |    11 ||    11
  Eat: Chunk             |     3 |     8 |    17 |     7 |     7 ||    42
       Ration            |       |     1 |     2 |     3 |     3 ||     9
Armor: Robe              |    21 |    15 |    40 |     4 |       ||    80
       Troll leather arm |       |       |       |    57 |    77 ||   134
       Storm dragon scal |       |       |       |       |    48 ||    48
Dodge: Dodged            |    90 |   112 |   213 |   355 |   676 ||  1446
Block: Buckler           |       |       |       |       |    81 ||    81

Table legend:
 A = Non-vault XP
 B = Vault XP
 C = Vault XP percentage of total XP
 D = Non-vault monster count
 E = Vault monster count
 F = Vault count percentage of total count
                 A         B        C        D         E       F
            +---------+---------+-------+---------+---------+-------
      Total |   55587 |   53507 |  49.0 |     576 |     303 |  34.5
            +---------+---------+-------+---------+---------+-------
        D:1 |      47 |       5 |   9.6 |      30 |       4 |  11.8
        D:2 |     197 |       0 |   0.0 |      36 |       0 |   0.0
        D:3 |     203 |      15 |   6.9 |      26 |       5 |  16.1
        D:4 |     583 |       7 |   1.2 |      33 |       2 |   5.7
        D:5 |     257 |     142 |  35.6 |      12 |       1 |   7.7
        D:6 |     715 |       0 |   0.0 |      23 |       0 |   0.0
        D:7 |     821 |       0 |   0.0 |      41 |       0 |   0.0
        D:8 |    1713 |      71 |   4.0 |      34 |       1 |   2.9
        D:9 |    1624 |     976 |  37.5 |      34 |       7 |  17.1
       D:10 |    2296 |     179 |   7.2 |      16 |       9 |  36.0
       D:11 |    3669 |    1128 |  23.5 |      23 |      26 |  53.1
       D:12 |    5423 |    2303 |  29.8 |      33 |       1 |   2.9
       D:13 |    8843 |    8115 |  47.9 |      45 |      34 |  43.0
       D:14 |    1100 |    1745 |  61.3 |      12 |       1 |   7.7
     Lair:1 |    2700 |     801 |  22.9 |      17 |       5 |  22.7
     Lair:2 |    3778 |       0 |   0.0 |      24 |       0 |   0.0
     Lair:3 |    3086 |    1441 |  31.8 |      17 |       3 |  15.0
     Lair:4 |    3792 |     473 |  11.1 |      17 |       2 |  10.5
     Lair:5 |    2990 |    9587 |  76.2 |      19 |      36 |  65.5
     Lair:6 |    6713 |    9426 |  58.4 |      31 |      56 |  64.4
      Orc:1 |    2748 |    6863 |  71.4 |      20 |      13 |  39.4
      Orc:2 |    2289 |   10044 |  81.4 |      33 |      75 |  69.4
      Sewer |       0 |     186 | 100.0 |       0 |      22 | 100.0
            +---------+---------+-------+---------+---------+-------
